 Dungeon Crawl Stone Soup version bcrawl-1.27.6 (webtiles) character file.

Game seed: 15188310439433841613

207082 Faustar the Skirmisher (level 6, -4/40 HPs)
             Began as a Gargoyle Berserker on Sept 20, 2020.
             Was a Believer of Trog.
             Splashed by a jelly's acid (11 damage)
             ... on level 2 of the Dungeon.
             The game lasted 00:04:03 (1939 turns).

Faustar the Skirmisher (Gargoyle Berserker)         Turns: 1939, Time: 00:04:04

Health: -4/40      AC: -2    Str: 23    XL:     6   Next: 3%
Magic:  6/6        EV: 11    Int:  7    God:    Trog [**....]
Gold:   129        SH:  0    Dex:  6    Spells: 5/5 levels left

rFire    . . .     SeeInvis .   a - +0 mace
rCold    . . .     Gourm    .   (no shield)
rNeg     + . .     Faith    .   b - +0 animal skin
rPois    ∞         Spirit   .   p - +2 hat
rElec    +         Reflect  .   (no cloak)
rCorr    .         Harm     .   (no gloves)
MR       .....                  (no boots)
Stlth    +.........             (no amulet)
HPRegen  0.13/turn              h - -3 ring of dexterity (curse)
MPRegen  0.10/turn              l - +1 ring of protection

@: corroded
A: negative energy resistance 1, electricity resistance, unbreathing,
petrification resistance, rot immunity, AC +4
a: Berserk, Trog's Hand, Renounce Religion


You were on level 2 of the Dungeon.
You worshipped Trog.
Trog was pleased with you.
You were very hungry.

You visited 1 branch of the dungeon, and saw 2 of its levels.

You collected 129 gold pieces.

Inventory:

Hand Weapons
 a - a +0 mace (weapon)
Armour
 b - a +0 animal skin (worn)
 p - a +2 hat (worn)
 q - a scarf of stasis
Jewellery
 h - a cursed -3 ring of dexterity (left hand)
 l - a +1 ring of protection (right hand)
Scrolls
 m - a scroll of amnesia
Potions
 c - 3 potions of mutation {unknown}
 d - a potion of heal wounds {unknown}
 f - a potion of resistance {unknown}
 i - 2 potions of flight {unknown}
 j - a potion of haste {unknown}
 k - 2 potions of curing {unknown}
 o - a potion of agility {unknown}
Comestibles
 e - 8 rations {!d}


   Skills:
 + Level 5.5 Fighting
 + Level 5.0 Maces & Flails
 - Level 2.1 Armour
 - Level 1.5 Dodging


You had 5 spell levels left.
You didn't know any spells.
Your spell library was empty.

Dungeon Overview and Level Annotations

Branches:
Dungeon (2/12)

Altars:
Kikubaaqudgha
Lugonu


Innate Abilities, Weirdness & Mutations

You are resistant to torment.
Your stone body is resilient. (AC +4)
You are immune to poison.
You resist negative energy. (rN+)
You are resistant to electric shocks. (rElec)
You can survive without breathing.
You are immune to petrification.
You are immune to rotting.


Message History

There is an open door here.
You are feeling very hungry.
You hit the jelly. The acid corrodes you!
Your hands burn!
The jelly is moderately wounded.
The jelly barely misses you.
You hit the jelly. The acid corrodes you!
Your hands burn!
The jelly is moderately wounded.
The jelly hits you. The acid corrodes you!
You are splashed with acid!
You see here 4 stones.
The jelly hits you.
You are splashed with acid!
* * * LOW HITPOINT WARNING * * *
Okay, then.
There is an open door here.
Items here: ( )) ÷÷ a +0 short sword; 4 stones; a +2 falchion of draining; a kobold skeleton x2
There is an open gate here.
The jelly hits you.
* * * LOW HITPOINT WARNING * * *
The acid corrodes you!
You are splashed with acid!
You die...

#....# #.......#
##.#.#.#..# #....#
#....J..# #.#.#.##.##
#....# #....J..#
#.#.#.##..# #....#
##.....## #.#.#.##..#
#....# ##.)J##
###+#.#'##..# #....#
##')'#######...........#
#....#
#....J##..(+...........>
######
###...J...##..........##
# ##...@.....#.........#
# #.......#.....)...#.#
# #......)#######.#.#.#
#...............#<#.#
#......########.###.#
#.)..).########......
#.............#..#.##
#......######.#..#.#
#......'....#.#..#.##


You could see a jelly and 2 oozes.

Vanquished Creatures
  A jelly (D:2)
  A hound (D:2)
  Terence (D:2)
  Jessica (D:2)
  An adder (D:2)
  7 oozes
  2 worms (D:2)
  A dart slug (D:2)
  4 leopard geckos
  An orc (D:2)
  4 giant cockroaches
  2 goblins
  6 hobgoblins
  5 jackals (D:2)
  14 kobolds
  A quokka (D:2)
  3 ball pythons
  3 bats
  3 frilled lizards
  4 rats (D:1)
65 creatures vanquished.

Vanquished Creatures (others)
  4 fungi (D:2)
  10 toadstools (D:2)
14 creatures vanquished.

Grand Total: 79 creatures vanquished

Notes
Turn   | Place    | Note
-------+----------+-------------------------------------------
     0 | D:1      | Faustar the Gargoyle Berserker began the quest for the Orb.
     0 | D:1      | Reached XP level 1. HP: 14/14 MP: 1/1
    15 | D:1      | Reached XP level 2. HP: 14/19 MP: 2/2
   535 | D:1      | Reached XP level 3. HP: 22/24 MP: 3/3
   832 | D:2      | Reached ** piety under Trog
   897 | D:2      | Reached XP level 4. HP: 19/30 MP: 4/4
  1135 | D:2      | Noticed Terence
  1144 | D:2      | Killed Terence
  1144 | D:2      | Reached XP level 5. HP: 34/34 MP: 5/5
  1195 | D:2      | Reached skill level 5 in Fighting
  1479 | D:2      | Noticed Jessica
  1503 | D:2      | Killed Jessica
  1718 | D:2      | Reached skill level 5 in Maces & Flails
  1811 | D:2      | Found an ancient bone altar of Kikubaaqudgha.
  1823 | D:2      | Found a corrupted altar of Lugonu.
  1890 | D:2      | Reached XP level 6. HP: 39/40 MP: 6/6
  1939 | D:2      | Splashed by a jelly's acid

Skill      XL: |  1  2  3  4  5 |
---------------+----------------+-----
Fighting       | 4 5 |  5.5
Maces & Flails | 4 5 |  5.0
Armour         | |  2.1
Dodging        | |  1.5

Action                   |  1- 3 |  4- 6 || total
-------------------------+-------+-------++-------
Melee: Mace              |    90 |   111 ||   201
Invok: Berserk           |     1 |     3 ||     4
  Use: Scroll            |       |     3 ||     3
 Stab: Sleeping          |     1 |       ||     1
  Eat: Chunk             |     3 |     8 ||    11
Armor: Animal skin       |    19 |    72 ||    91
Dodge: Dodged            |    70 |   106 ||   176
